 Dungeon Crawl Stone Soup version bcrawl-1.12-8-g964540c432 (webtiles) character file.

Game seed: 10125232042272475364

59 Arkanax the Sneak (level 4, 0/35 HPs)
             Began as a Ghoul Archaeologist on June 5, 2019.
             Slain by a worm (1 damage)
             ... on level 2 of the Dungeon.
             The game lasted 00:02:14 (2062 turns).

Arkanax the Sneak (Ghoul Archaeologist)             Turns: 2062, Time: 00:02:14

Health: 0/35       AC:  8    Str: 15    XL:     4   Next: 3%
Magic:  3/3        EV: 12    Int:  9    God:
Gold:   145        SH:  0    Dex:  7    Spells: 3/3 levels left

rFire    . . .     SeeInvis .     - Unarmed
rCold    + . .     Gourm    .   (no shield)
rNeg     + + +     Faith    .   a - +1 robe
rPois    ∞         Spirit   .   b - +1 hat
rElec    .         Reflect  .   (no cloak)
rCorr    .         Harm     .   d - +1 pair of gloves
MR       .....                  c - +1 pair of boots
Stlth    ++........             (no amulet)
HPRegen  0.00/turn              (no ring)
MPRegen  0.08/turn              (no ring)

@: rotting, studying Armour
A: rotting body, claws 1, carnivore, cold resistance 1, negative energy
resistance 3, inhibited regeneration, torment resistance, unbreathing
a: no special abilities


You were on level 2 of the Dungeon.
You were not hungry.

You visited 1 branch of the dungeon, and saw 2 of its levels.

You collected 145 gold pieces.

Inventory:

Armour
 a - a +1 robe (worn)
 b - a +1 hat (worn)
 c - a +1 pair of boots (worn)
 d - a +1 pair of gloves (worn)
Scrolls
 h - a scroll of fog {unknown}
 j - a scroll of identify {unknown}
Potions
 i - 2 potions of agility {unknown}
Books
 e - a manual of Armour
Miscellaneous
 f - an ancient crate
Comestibles
 g - 4 rations {!d}


   Skills:
 - Level 1.1 Fighting
 + Level 2.9 Armour
 - Level 2.6 Dodging
 - Level 3.6 Stealth
 - Level 2.8 Unarmed Combat


You had 3 spell levels left.
You didn't know any spells.
Your spell library was empty.

Dungeon Overview and Level Annotations

Branches:
Dungeon (2/12)

Altars:


Innate Abilities, Weirdness & Mutations

Your body is rotting away.
You thrive on raw meat.
You are immune to poison.
You have sharp fingernails.
You are carnivorous and can eat meat at any time.
Your flesh is cold resistant. (rC+)
You are immune to negative energy. (rN+++)
You do not regenerate when monsters are visible.
You are immune to unholy pain and torment.
You can survive without breathing.


Message History

You hit the worm. You punch the worm, but do no damage.
The worm is severely wounded.
The worm bites you.
* * * LOW HITPOINT WARNING * * *
You hit the worm.
The worm is severely wounded.
You hit the worm but do no damage.
The worm is severely wounded.
The worm closely misses you.
You barely miss the worm.
The worm is severely wounded.
You hit the worm.
The worm is almost dead.
The worm closely misses you.
You hit the worm.
The worm is almost dead.
You barely miss the worm.
The worm is almost dead.
The worm bites you.
You die...

.( ..#.# ...# ....
..... .?.# .
..>#.#### ...#..
....... # .. #.# .
##.#.## ####.###.
#.# #.##....##
.......w###..#
#.......).
......†.@#.#.#
###....##
####.$##...#.#
##.#.## ##
#.#.#.#######.....
#...........###.##
###.#.#####.......
#.#...........##
##.#############
#..# #.##


You could see a worm.

Vanquished Creatures
  An ooze (D:1)
  3 worms (D:2)
  2 dart slugs (D:1)
  A leopard gecko (D:1)
  A ball python (D:2)
  4 bats
  2 giant cockroaches (D:2)
  5 goblins
  6 hobgoblins
  3 jackals (D:1)
  2 frilled lizards (D:1)
  3 kobolds (D:1)
  6 rats
39 creatures vanquished.

Notes
Turn   | Place    | Note
-------+----------+-------------------------------------------
     0 | D:1      | Arkanax the Ghoul Archaeologist began the quest for the
                  | Orb.
     0 | D:1      | Reached XP level 1. HP: 16/16 MP: 0/0
    66 | D:1      | Reached skill level 1 in Unarmed Combat
   313 | D:1      | Reached XP level 2. HP: 8/23 MP: 1/1
   825 | D:1      | Reached XP level 3. HP: 27/27 MP: 2/2
   911 | D:1      | Reached skill level 1 in Armour
  1506 | D:2      | Found a faded altar of an unknown god.
  2048 | D:2      | Reached XP level 4. HP: 15/35 MP: 3/3
  2056 | D:2      | HP: 1/35 [worm (5)]
  2062 | D:2      | Slain by a worm

Skill      XL: |  1  2  3 |
---------------+----------+-----
Unarmed Combat | 1 2 |  2.8
Armour         | 2 |  2.9
Fighting       | |  1.1
Dodging        | |  2.6
Stealth        | |  3.6

Action                   |  1- 3 |  4- 6 || total
-------------------------+-------+-------++-------
Melee: Unarmed           |   233 |    12 ||   245
       Punch             |       |     2 ||     2
 Stab: Sleeping          |     1 |       ||     1
  Eat: Chunk             |     4 |       ||     4
Armor: Robe              |    78 |     1 ||    79
Dodge: Dodged            |   138 |     3 ||   141
